TOP OF THE 1ST |
Cincinnati (NYP) Reds batting - Pitching for Boise Hawks : LHP Benito Vargas
|
Pitching: LHP Benito Vargas
|
|
Batting: RHB Felipe Pineda
|
0-0: Foul Ball, location: 2F 0-1: Ball 1-1: Foul Ball, location: 2F 1-2: Foul Ball, location: 2F 1-2: Strikes out looking
|
Batting: RHB Pat McCoy
|
0-0: Ball 1-0: Foul Ball, location: 2F 1-1: Foul Ball, location: 2F 1-2: SINGLE (Flyball, 4D, EV 85.6 MPH)
|
Batting: LHB David Moore
|
0-0: Grounds into double play, 5-4-3 (Groundball, 5L, EV 105.0 MPH)
|
Top of the 1st over - 0 runs, 1 hit, 0 errors, 0 left on base; Cincinnati (NYP) 0 - Boise 0 |
BOTTOM OF THE 1ST |
Boise Hawks batting - Pitching for Cincinnati (NYP) Reds : RHP Kevin Nabity
|
Pitching: RHP Kevin Nabity
|
|
Batting: SHB Pete Perla
|
0-0: DOUBLE (Line Drive, 78D, EV 105.6 MPH)
|
Batting: LHB Roy Riess
|
0-0: Ground out 5-3 (Groundball, 56, EV 95.0 MPH)
|
Batting: RHB Ernest Olkowicz
|
0-0: Ball 1-0: Called Strike 1-1: DOUBLE (Flyball, 8RXD, EV 103.8 MPH) Pete Perla scores
|
Batting: RHB Mike Manchester
|
0-0: Ball 1-0: Reached on error, E4 (Groundball, 4S, EV 87.5 MPH) Ernest Olkowicz to third
|
Batting: LHB Ryan Rodgers
|
0-0: Ball Mike Manchester is caught stealing 2nd base 2-6 1-0: Swinging Strike 1-1: Foul Ball, location: 2F 1-2: Ball 2-2: SINGLE (Line Drive, 5L, EV 94.4 MPH) Ernest Olkowicz scores
|
Batting: RHB Andy Solorzano
|
0-0: Ball 1-0: Fly out, F8 (Flyball, 8LD, EV 91.2 MPH)
|
Bottom of the 1st over - 2 runs, 3 hits, 1 error, 1 left on base; Cincinnati (NYP) 0 - Boise 2 |
TOP OF THE 2ND |
Cincinnati (NYP) Reds batting - Pitching for Boise Hawks : LHP Benito Vargas
|
Batting: RHB Jonathan Robies
|
0-0: Called Strike 0-1: Swinging Strike 0-2: Strikes out swinging
|
Batting: LHB Brian Snyder
|
0-0: Ball 1-0: Foul Ball, location: 2F 1-1: Foul Ball, location: 2F 1-2: Ball 2-2: Strikes out swinging
|
Batting: RHB Ben Hinman
|
0-0: Ball 1-0: Foul Ball, location: 2F 1-1: Ball 2-1: Ball 3-1: Swinging Strike 3-2: Base on Balls
|
Batting: RHB Frank Moron
|
0-0: Ball 1-0: Foul Ball, location: 2F 1-1: Called Strike 1-2: Strikes out looking and he ARGUES THE CALL AND IS TOSSED!
|
Top of the 2nd over - 0 runs, 0 hits, 0 errors, 1 left on base; Cincinnati (NYP) 0 - Boise 2 |
BOTTOM OF THE 2ND |
Boise Hawks batting - Pitching for Cincinnati (NYP) Reds : RHP Kevin Nabity
|
Now at 3B: Jonathan Davis
|
|
Batting: LHB Chris Raymond
|
0-0: Swinging Strike 0-1: Called Strike 0-2: Strikes out swinging
|
Batting: RHB Max Schellekens
|
0-0: SINGLE (Line Drive, 34D, EV 98.8 MPH)
|
Batting: LHB Mick Knopp
|
0-0: Ball 1-0: Foul Ball, location: 2F 1-1: Foul Ball, location: 2F 1-2: Strikes out swinging
|
Batting: SHB Pete Perla
|
0-0: Called Strike 0-1: Ground out 3-1 (Groundball, 13, EV 77.5 MPH)
|
Bottom of the 2nd over - 0 runs, 1 hit, 0 errors, 1 left on base; Cincinnati (NYP) 0 - Boise 2 |
TOP OF THE 3RD |
Cincinnati (NYP) Reds batting - Pitching for Boise Hawks : LHP Benito Vargas
|
Batting: RHB Pete Orban
|
0-0: Foul Ball, location: 2F 0-1: Foul Ball, location: 2F 0-2: Strikes out swinging
|
Batting: LHB James Himes
|
0-0: Ball 1-0: Foul Ball, location: 2F 1-1: Foul Ball, location: 2F 1-2: Foul Ball, location: 2F 1-2: Foul Ball, location: 2F 1-2: Ball 2-2: Ball 3-2: Ground out 1-3 (Groundball, 34S, EV 65.0 MPH)
|
Batting: RHB Felipe Pineda
|
0-0: Ball 1-0: Foul Ball, location: 2F 1-1: Foul Ball, location: 2F 1-2: Ball 2-2: Ball 3-2: Foul Ball, location: 2F 3-2: Foul Ball, location: 2F 3-2: Foul Ball, location: 2F 3-2: Strikes out swinging
|
Top of the 3rd over - 0 runs, 0 hits, 0 errors, 0 left on base; Cincinnati (NYP) 0 - Boise 2 |
BOTTOM OF THE 3RD |
Boise Hawks batting - Pitching for Cincinnati (NYP) Reds : RHP Kevin Nabity
|
Batting: LHB Roy Riess
|
0-0: Foul Ball, location: 2F 0-1: Fly out, F7 (Flyball, 7D, EV 93.1 MPH)
|
Batting: RHB Ernest Olkowicz
|
0-0: Called Strike 0-1: Ball 1-1: Foul Ball, location: 2F 1-2: Ball 2-2: Fly out, F3 (Line Drive, 3, EV 68.8 MPH)
|
Batting: RHB Mike Manchester
|
0-0: Ball 1-0: Ball 2-0: Ground out 6-3 (Groundball, 56, EV 91.9 MPH)
|
Bottom of the 3rd over - 0 runs, 0 hits, 0 errors, 0 left on base; Cincinnati (NYP) 0 - Boise 2 |
TOP OF THE 4TH |
Cincinnati (NYP) Reds batting - Pitching for Boise Hawks : LHP Benito Vargas
|
Batting: RHB Pat McCoy
|
0-0: SINGLE (Groundball, 56D, EV 100.0 MPH)
|
Batting: LHB David Moore
|
0-0: Fly out, F9 (Line Drive, 9, EV 88.8 MPH)
|
Batting: RHB Jonathan Robies
|
0-0: Ball 1-0: Called Strike 1-1: Foul Ball, location: 2F 1-2: Ball 2-2: Strikes out swinging
|
Batting: LHB Brian Snyder
|
0-0: Ball 1-0: Called Strike 1-1: Ball Wild Pitch! Pat McCoy to second 2-1: Fly out, F3 (Line Drive, 3, EV 66.9 MPH)
|
Top of the 4th over - 0 runs, 1 hit, 0 errors, 1 left on base; Cincinnati (NYP) 0 - Boise 2 |
BOTTOM OF THE 4TH |
Boise Hawks batting - Pitching for Cincinnati (NYP) Reds : RHP Kevin Nabity
|
Batting: LHB Ryan Rodgers
|
0-0: Ball 1-0: Ball 2-0: Foul Ball, location: 2F 2-1: Ball 3-1: Foul Ball, location: 2F 3-2: DOUBLE (Line Drive, 9LS, EV 113.1 MPH)
|
Batting: RHB Andy Solorzano
|
0-0: Ball 1-0: Called Strike 1-1: Ball 2-1: Called Strike 2-2: Ball 3-2: SINGLE (Line Drive, 9S, EV 91.2 MPH) Ryan Rodgers to third
|
Batting: LHB Chris Raymond
|
0-0: Called Strike 0-1: Swinging Strike 0-2: Ball 1-2: Ball 2-2: DOUBLE (Line Drive, 9D, EV 100.6 MPH) Ryan Rodgers scores Andy Solorzano to third
|
Batting: RHB Max Schellekens
|
0-0: Ball 1-0: Ground out 5-3 (Groundball, 5L, EV 105.6 MPH)
|
Batting: LHB Mick Knopp
|
0-0: Ground out 6-3 (Groundball, 6, EV 92.5 MPH) Andy Solorzano scores
|
Batting: SHB Pete Perla
|
0-0: Ball 1-0: Ball 2-0: Ball 3-0: Called Strike 3-1: Foul Ball, location: 2F 3-2: Base on Balls
|
Batting: LHB Roy Riess
|
0-0: Swinging Strike 0-1: Foul Ball, location: 2F 0-2: Fielders Choice at 2nd, 5-4 (Groundball, 5, EV 82.5 MPH)
|
Bottom of the 4th over - 2 runs, 3 hits, 0 errors, 2 left on base; Cincinnati (NYP) 0 - Boise 4 |
TOP OF THE 5TH |
Cincinnati (NYP) Reds batting - Pitching for Boise Hawks : LHP Benito Vargas
|
Batting: RHB Ben Hinman
|
0-0: Ground out 6-3 (Groundball, 6, EV 84.4 MPH)
|
Batting: RHB Jonathan Davis
|
0-0: Ball 1-0: Ball 2-0: Foul Ball, location: 2F 2-1: SINGLE (Groundball, 4M, EV 105.6 MPH)
|
Batting: RHB Pete Orban
|
0-0: Fielders Choice at 2nd, 4-6 (Groundball, 34, EV 88.1 MPH)
|
Batting: LHB James Himes
|
0-0: Ball 1-0: Fly out, F6 (Line Drive, 6, EV 71.9 MPH)
|
Top of the 5th over - 0 runs, 1 hit, 0 errors, 1 left on base; Cincinnati (NYP) 0 - Boise 4 |
BOTTOM OF THE 5TH |
Boise Hawks batting - Pitching for Cincinnati (NYP) Reds : RHP Kevin Nabity
|
Batting: RHB Ernest Olkowicz
|
0-0: Called Strike 0-1: Called Strike 0-2: Strikes out swinging
|
Batting: RHB Mike Manchester
|
0-0: Called Strike 0-1: Ball 1-1: Ground out 5-3 (Groundball, 56S, EV 84.4 MPH)
|
Batting: LHB Ryan Rodgers
|
0-0: Ball 1-0: Ball 2-0: Ball 3-0: Base on Balls
|
Batting: RHB Andy Solorzano
|
0-0: Ball 1-0: Reached on error, E4 (Groundball, 4, EV 88.1 MPH) Ryan Rodgers to second
|
Batting: LHB Chris Raymond
|
0-0: Ball Wild Pitch! Ryan Rodgers to third Andy Solorzano to second 1-0: Ball 2-0: Foul Ball, location: 2F 2-1: Ball 3-1: DOUBLE (Groundball, 5L, EV 97.5 MPH) Ryan Rodgers scores Andy Solorzano scores
|
Pitching: RHP Marcus Jackson
|
|
Batting: RHB Max Schellekens
|
0-0: Fly out, F4 (Popup, 3DF, EV 68.8 MPH)
|
Bottom of the 5th over - 2 runs, 1 hit, 1 error, 1 left on base; Cincinnati (NYP) 0 - Boise 6 |
TOP OF THE 6TH |
Cincinnati (NYP) Reds batting - Pitching for Boise Hawks : LHP Benito Vargas
|
Batting: RHB Felipe Pineda
|
0-0: SINGLE (Groundball, 13, EV 85.0 MPH) (infield hit)
|
Batting: RHB Pat McCoy
|
0-0: Ball 1-0: Ball 2-0: Foul Ball, location: 2F 2-1: Ball 3-1: Base on Balls Felipe Pineda to second
|
Batting: LHB David Moore
|
0-0: Ball 1-0: Ball 2-0: Called Strike 2-1: Ball 3-1: Called Strike 3-2: Strikes out swinging Felipe Pineda steals 3rd base Batter strikes out. Pat McCoy to second
|
Batting: RHB Jonathan Robies
|
0-0: Ball 1-0: Ball 2-0: Ball 3-0: Called Strike 3-1: Called Strike 3-2: Foul Ball, location: 2F 3-2: Foul Ball, location: 2F 3-2: Base on Balls
|
Batting: LHB Brian Snyder
|
0-0: Ball 1-0: Called Strike 1-1: Swinging Strike 1-2: Ball 2-2: Strikes out swinging
|
Batting: RHB Ben Hinman
|
0-0: Swinging Strike 0-1: Foul Ball, location: 2F 0-2: Ball 1-2: Foul Ball, location: 2F 1-2: Ball 2-2: Foul Ball, location: 2F 2-2: Strikes out looking and he ARGUES THE CALL AND IS TOSSED!
|
Top of the 6th over - 0 runs, 1 hit, 0 errors, 3 left on base; Cincinnati (NYP) 0 - Boise 6 |
BOTTOM OF THE 6TH |
Boise Hawks batting - Pitching for Cincinnati (NYP) Reds : RHP Marcus Jackson
|
Now at 1B: Joe Kooyers
|
|
Batting: LHB Mick Knopp
|
0-0: Called Strike 0-1: Swinging Strike 0-2: Ball 1-2: Ball 2-2: Ball 3-2: Strikes out swinging
|
Batting: SHB Pete Perla
|
0-0: Called Strike 0-1: Swinging Strike 0-2: Ball 1-2: Ball 2-2: Ball 3-2: Strikes out swinging
|
Batting: LHB Roy Riess
|
0-0: DOUBLE (Line Drive, 7LM, EV 103.1 MPH)
|
Batting: RHB Ernest Olkowicz
|
0-0: Swinging Strike 0-1: Called Strike 0-2: Ball 1-2: Ball 2-2: Ball 3-2: Strikes out swinging
|
Bottom of the 6th over - 0 runs, 1 hit, 0 errors, 1 left on base; Cincinnati (NYP) 0 - Boise 6 |
TOP OF THE 7TH |
Cincinnati (NYP) Reds batting - Pitching for Boise Hawks : LHP Benito Vargas
|
Pitching: RHP Jeremy Richards
|
|
Batting: RHB Jonathan Davis
|
0-0: SINGLE (Groundball, 34S, EV 70.6 MPH) (infield hit)
|
Batting: RHB Pete Orban
|
0-0: Grounds into double play, 4-6-3 (Groundball, 4, EV 79.4 MPH)
|
Batting: LHB James Himes
|
0-0: Ball 1-0: Swinging Strike 1-1: Foul Ball, location: 2F 1-2: Strikes out swinging
|
Top of the 7th over - 0 runs, 1 hit, 0 errors, 0 left on base; Cincinnati (NYP) 0 - Boise 6 |
BOTTOM OF THE 7TH |
Boise Hawks batting - Pitching for Cincinnati (NYP) Reds : RHP Marcus Jackson
|
Batting: RHB Mike Manchester
|
0-0: Ground out 5-3 (Groundball, 56, EV 107.5 MPH)
|
Batting: LHB Ryan Rodgers
|
0-0: Called Strike 0-1: Ball 1-1: Ground out 6-3 (Groundball, 6, EV 110.0 MPH)
|
Batting: RHB Andy Solorzano
|
0-0: Foul Ball, location: 2F 0-1: Foul Ball, location: 2F 0-2: Strikes out swinging
|
Bottom of the 7th over - 0 runs, 0 hits, 0 errors, 0 left on base; Cincinnati (NYP) 0 - Boise 6 |
TOP OF THE 8TH |
Cincinnati (NYP) Reds batting - Pitching for Boise Hawks : RHP Jeremy Richards
|
Batting: RHB Felipe Pineda
|
0-0: Foul Ball, location: 2F 0-1: Ground out 6-3 (Groundball, 6, EV 91.2 MPH)
|
Batting: RHB Pat McCoy
|
0-0: Ball 1-0: Swinging Strike 1-1: Ball 2-1: Ground out 5-3 (Groundball, 56, EV 85.6 MPH)
|
Batting: LHB David Moore
|
0-0: Ball 1-0: Called Strike 1-1: Ball 2-1: Ball 3-1: Foul Ball, location: 2F 3-2: Base on Balls
|
Batting: RHB Jonathan Robies
|
0-0: Called Strike 0-1: Ball 1-1: Ball 2-1: Swinging Strike 2-2: Strikes out swinging
|
Top of the 8th over - 0 runs, 0 hits, 0 errors, 1 left on base; Cincinnati (NYP) 0 - Boise 6 |
BOTTOM OF THE 8TH |
Boise Hawks batting - Pitching for Cincinnati (NYP) Reds : RHP Marcus Jackson
|
Batting: LHB Chris Raymond
|
0-0: Ball 1-0: Ball 2-0: Ball 3-0: Base on Balls
|
Batting: RHB Max Schellekens
|
0-0: Called Strike 0-1: Foul Ball, location: 2F 0-2: Ball 1-2: SINGLE (Line Drive, 34, EV 105.0 MPH) Chris Raymond to second
|
Batting: LHB Mick Knopp
|
0-0: Ball 1-0: Called Strike 1-1: Foul Ball, location: 2F 1-2: Ball 2-2: Fielders Choice at 2nd, 6-4 (Groundball, 6, EV 105.6 MPH) Chris Raymond to third
|
Batting: SHB Pete Perla
|
0-0: Called Strike 0-1: Ball 1-1: Called Strike 1-2: Strikes out swinging
|
Batting: LHB Roy Riess
|
0-0: Ball 1-0: Ball 2-0: Ball 3-0: Base on Balls Mick Knopp to second
|
Batting: RHB Ernest Olkowicz
|
0-0: Ball 1-0: Called Strike 1-1: Swinging Strike 1-2: Strikes out swinging
|
Bottom of the 8th over - 0 runs, 1 hit, 0 errors, 3 left on base; Cincinnati (NYP) 0 - Boise 6 |
TOP OF THE 9TH |
Cincinnati (NYP) Reds batting - Pitching for Boise Hawks : RHP Jeremy Richards
|
Batting: LHB Brian Snyder
|
0-0: Called Strike 0-1: Called Strike 0-2: Foul Ball, location: 2F 0-2: Ball 1-2: Strikes out looking
|
Batting: RHB Joe Kooyers
|
0-0: Ball 1-0: Ball 2-0: Ball 3-0: Called Strike 3-1: Foul Ball, location: 2F 3-2: Foul Ball, location: 2F 3-2: DOUBLE (Flyball, 78D, EV 95.0 MPH)
|
Batting: RHB Jonathan Davis
|
0-0: Foul Ball, location: 2F 0-1: Ball 1-1: Swinging Strike 1-2: Foul Ball, location: 2F 1-2: Ball 2-2: SINGLE (Flyball, 7S, EV 76.9 MPH) Joe Kooyers to third
|
Pinch Hitting: LHB Ray Walden
|
0-0: Swinging Strike 0-1: Called Strike 0-2: Foul Ball, location: 2F 0-2: Foul Ball, location: 2F 0-2: Ball 1-2: Ball 2-2: Ball 3-2: Fly out, F8 (Flyball, 8RM, EV 90.0 MPH)
|
Pinch Hitting: RHB Dusty Pollert
|
0-0: Swinging Strike 0-1: Ball 1-1: SINGLE (Groundball, 56D, EV 107.5 MPH) Joe Kooyers scores Jonathan Davis to second
|
Pitching: RHP Chad Norris
|
|
Batting: RHB Felipe Pineda
|
0-0: Swinging Strike 0-1: Ball 1-1: Called Strike 1-2: TRIPLE (Line Drive, 89XD, EV 103.8 MPH) Jonathan Davis scores Dusty Pollert scores
|
Batting: RHB Pat McCoy
|
0-0: Called Strike 0-1: Foul Ball, location: 2F 0-2: Strikes out swinging
|
Top of the 9th over - 3 runs, 4 hits, 0 errors, 1 left on base; Cincinnati (NYP) 3 - Boise 6 |
|